 Dungeon Crawl Stone Soup version 0.27.1-35-g4d5d836560 (webtiles) character file.

Game seed: 10517192439449434978

1603 Froggeryz the Slicer (level 8, -3/64 HPs)
             Began as an Octopode Brigand on Mar 13, 2022.
             Slain by a white imp (5 damage)
             ... summoned by Eustachio
             ... on level 5 of the Dungeon.
             The game lasted 00:06:54 (5019 turns).

Froggeryz the Slicer (Octopode Brigand)             Turns: 5019, Time: 00:06:55

Health: -3/64      AC:  1    Str: 10    XL:     8   Next: 94%
Magic:  8/8        EV: 12    Int: 15    God:
Gold:   1111       SH:  0    Dex: 14    Spells: 7/7 levels left

rFire    + . .     SeeInvis .   a - +2 dagger
rCold    . . .     Faith    .   (no shield)
rNeg     . . .     Spirit   .   (helmet restricted)
rPois    .         Reflect  .   r - amulet of the acrobat
rElec    .         Harm     .   o - ring of flight
rCorr    .         Rampage  .   w - ring of protection from fire
Will     .....                  (no ring)
Stlth    ++++......             (no ring)
HPRegen  0.20/turn              (no ring)
MPRegen  0.11/turn              (no ring)
                                (no ring)
                                (no ring)

@: weak-willed, flying
A: almost no armour, amphibious, 8 rings, camouflage 1, gelatinous body 1,
(nimble swimmer 1), tentacles
a: no special abilities


You were on level 5 of the Dungeon.
You visited 1 branch of the dungeon, and saw 5 of its levels.
You also visited: Ossuary.

You collected 1111 gold pieces.

Inventory:

Hand Weapons
 a - a +2 dagger (weapon)
Missiles
 b - 7 poisoned darts (quivered)
 c - 2 curare-tipped darts
Jewellery
 o - a ring of flight (left tentacle)
 r - an amulet of the acrobat (around mantle)
 w - a ring of protection from fire (right tentacle)
Wands
 l - a wand of mindburst (7)
Scrolls
 f - 3 scrolls of fear
 g - a scroll of magic mapping
 k - a scroll of teleportation
 q - a scroll of summoning
 t - a scroll of blinking {unknown}
 v - a scroll of enchant armour {unknown}
Potions
 h - a potion of ambrosia {unknown}
 i - a potion of haste {unknown}
 j - a potion of magic {unknown}
 m - a potion of attraction {unknown}
 n - a potion of cancellation {unknown}
 u - a potion of heal wounds {unknown}


   Skills:
 - Level 10.1 Fighting
 * Level 11.2 Short Blades
 - Level 2.0 Throwing
 - Level 1.0 Dodging
 - Level 5.3 Stealth


You had 7 spell levels left.
You didn't know any spells.
Your spell library contained the following spells:

 Spells                   Type           Power      Damage    Failure   Level
 Sandblast                Erth           0%         2d4       26%         1


Dungeon Overview and Level Annotations

Branches:
Dungeon (5/15)            Ossuary (visited)
 Temple: D:4-7

Altars:
Kikubaaqudgha
Ru

Annotations:
D:5 Eustachio


Innate Abilities, Weirdness & Mutations

You cannot wear most types of armour.
You are amphibious.
You can wear up to eight rings at the same time.
Your skin changes colour to match your surroundings (Stealth+).
Your rubbery body absorbs attacks. (AC +1, EV +1)
((You are camouflaged near water. (Stealth+)))
You have tentacles for arms and can constrict up to eight enemies at once.


Message History

The puff of frost hits you!
* * * LOW HITPOINT WARNING * * *
Eustachio gestures wildly while chanting.
Eustachio blinks free!
You hit the iron imp but do no damage. You grab the iron imp.
You constrict the iron imp, but do no damage.
You hit the white imp. You grab the white imp.
The white imp is moderately wounded.
You constrict the iron imp.
You constrict the white imp, but do no damage.
The white imp hits you.
* * * LOW HITPOINT WARNING * * *
The white imp freezes you.
* * * LOW HITPOINT WARNING * * *
The iron imp closely misses you.
Okay, then.
You feel better.
You constrict the iron imp.
You constrict the white imp, but do no damage.
The white imp hits you.
* * * LOW HITPOINT WARNING * * *
The white imp freezes you.
* * * LOW HITPOINT WARNING * * *
It was a potion of experience.
You feel more experienced!
Your Fighting skill gained 8 levels and is now at level 10!
Your Short Blades skill gained 3 levels and is now at level 11!
You have reached level 8!
You constrict the iron imp. You constrict the white imp. The iron imp hits you.
* * * LOW HITPOINT WARNING * * *
The white imp gestures at you. The puff of frost misses you.
The puff of frost hits the iron imp.
The iron imp resists.
As you read the scroll labelled XIKAOM EFEOXT, it crumbles to dust.
Magic quickly surges around you.
It was a scroll of vulnerability.
You constrict the iron imp. You constrict the white imp. The iron imp hits you.
* * * LOW HITPOINT WARNING * * *
The white imp hits you.
* * * LOW HITPOINT WARNING * * *
The white imp freezes you.
You die...

#.. #.# #.# #.# ###.##
.# #..h@ .# #.#5# .# #
#.#@# ###.#.# #.#5#
....#.########.#.##
###...............#
###.#.#####.(.........#
......# #.###[..###.#
##.#### ##.####.## #.#
#......... #.#
#.#######.#


You could see Eustachio (weak-willed), an iron imp (summoned, weak-willed), a
white imp (summoned, weak-willed) and a jackal (weak-willed).

Vanquished Creatures
  A hornet zombie (Ossuary)
  A sky beast (D:5)
  An ogre (D:4)
  A phantom (D:4)
  A wyvern zombie (D:4)
  2 bullfrog zombies (Ossuary)
  2 hounds
  A jelly (D:4)
  A centaur skeleton (D:4)
  A bullfrog skeleton (D:2)
  A hound skeleton (D:5)
  3 mummies (Ossuary)
  A howler monkey skeleton (D:4)
  2 adders (D:4)
  2 worms
  2 dart slugs
  4 orcs
  3 endoplasms (D:3)
  5 giant cockroaches
  5 goblins (D:1)
  6 hobgoblins
  7 jackals
  6 kobolds
  10 quokkas
  7 ball pythons
  5 bats
  3 frilled lizards
  10 rats
94 creatures vanquished.

Vanquished Creatures (collateral kills)
  2 mummies (Ossuary)
  A howler monkey zombie (Ossuary)
3 creatures vanquished.

Vanquished Creatures (others)
  2 plants (D:1)
  5 withered plants (Ossuary)
7 creatures vanquished.

Grand Total: 104 creatures vanquished

Notes
Turn   | Place    | Note
-------+----------+-------------------------------------------
     0 | D:1      | Froggeryz the Octopode Brigand began the quest for the Orb.
     0 | D:1      | Reached XP level 1. HP: 14/14 MP: 1/1
   218 | D:1      | Reached XP level 2. HP: 19/19 MP: 2/2
   453 | D:1      | Reached skill level 3 in Short Blades
   722 | D:1      | Reached XP level 3. HP: 24/24 MP: 3/3
   995 | D:2      | Identified a scroll of acquirement
   995 | D:2      | Acquired 879 gold pieces
  1038 | D:2      | Reached skill level 4 in Short Blades
  1112 | D:2      | Reached XP level 4. HP: 21/29 MP: 4/4
  2090 | D:3      | Found an ancient bone altar of Kikubaaqudgha.
  2874 | D:3      | Found a faded altar of an unknown god.
  2882 | D:3      | Got Plato's Grimoire of Earth
  3089 | D:4      | Noticed an ogre
  3091 | D:4      | Reached skill level 5 in Short Blades
  3091 | D:4      | Reached XP level 5. HP: 34/34 MP: 5/5
  3108 | D:4      | Killed an ogre
  3109 | D:4      | Reached skill level 6 in Short Blades
  3109 | D:4      | Reached XP level 6. HP: 39/39 MP: 6/6
  3416 | D:4      | Found a sacrificial altar of Ru.
  3532 | D:4      | Reached skill level 7 in Short Blades
  3628 | D:4      | Reached XP level 7. HP: 14/45 MP: 7/7
  4118 | D:5      | Entered Level 5 of the Dungeon
  4236 | D:5      | Found a sand-covered staircase.
  4241 | Ossuary  | Entered an ossuary
  4301 | Ossuary  | Reached skill level 8 in Short Blades
  4999 | D:5      | Noticed Eustachio
  5018 | D:5      | Reached skill level 10 in Fighting
  5018 | D:5      | Reached skill level 11 in Short Blades
  5018 | D:5      | Reached XP level 8. HP: 14/64 MP: 8/8
  5019 | D:5      | HP: 2/64 [white imp[Eustachio] (2)]
  5019 | D:5      | Slain by a white imp

Illustrated notes

Levels and vault maps discovered:
D:1:      saegor_arrival_under_anarchy, layout_basic, serial_bayou,
          serial_bayou_pond_b, serial_bayou_pond_e, serial_bayou_shore_b,
          serial_bayou_lake_a, minmay_strange_pillars, kennysheep_small_spiral
D:2:      layout_rooms
D:3:      minmay_evil_eye, layout_basic, nicolae_kikubaaqudgha_miasma_corner,
          shapermc_ecumenical_altar_rom_forum
D:4:      layout_loops_ring, nicolae_ru_awakened_eye, minmay_fractal_squares_5
D:5:      layout_loops_ring, minmay_temple_entry_slanted, enter_ossuary_5,
          uniq_eustachio, uniq_duvessa, uniq_ijyb, uniq_grinder

Skill      XL: |  1  2  3  4  5  6  7 |
---------------+----------------------+-----
Short Blades   | 3 4 5 6 7 11 | 11.2
Fighting       | 10 | 10.1
Throwing       | |  2.0
Dodging        | |  1.0
Stealth        | |  5.3

Action                   |  1- 3 |  4- 6 |  7- 9 || total
-------------------------+-------+-------+-------++-------
Melee: Dagger            |    58 |   118 |    78 ||   254
       Constrict         |    18 |    23 |    10 ||    51
       Tentacles         |     9 |    22 |    16 ||    47
Throw: Dart              |       |       |     7 ||     7
  Use: Scroll            |     2 |     3 |     3 ||     8
       Potion            |     1 |       |     3 ||     4
 Stab: Sleeping          |     7 |    17 |     4 ||    28
Armor: Skin              |     2 |     8 |     3 ||    13
Dodge: Dodged            |    26 |    52 |    28 ||   106
